[Event "*** SCC Grand Prix: Titled Tuesday Blitz"]
[Site "Chess.com"]
[Date "2020.08.11"]
[Round "2"]
[White "PaulfromSPb"]
[Black "Susal_De_Silva"]
[Result "0-1"]
[WhiteElo "2650"]
[BlackElo "2326"]
[TimeControl "180+1"]
[EndTime "10:20:04 PDT"]
[Termination "Susal_De_Silva won by resignation"]

1. e4 e5 2. Nf3 d6 3. d4 exd4 4. Nxd4 Nf6 5. Nc3 Be7 6. g3 O-O 7. Bg2 Re8 8. O-O c6 9. h4 a5 10. a4 Na6 11. Bf4 Bf8 12. Qd2 Nc5 13. Rae1 Nh5 14. Be3 Nf6 15. Bg5 h6 16. Bf4 Nh5 17. Be3 Nf6 18. f3 d5 19. exd5 Nxd5 20. Bf2 Nxc3 21. Qxc3 Ne6 22. Nf5 Bb4 23. Qb3 Bxe1 24.
Rxe1 Qd5 25. Qxd5 cxd5 26. Nd6 Rd8 27. Nb5 Bd7 28. Bb6 Rdc8 29. c3 Bxb5 30. axb5 a4 31. Rd1 a3 32. bxa3 Rxa3 33. Rxd5 Raxc3 34. f4 Rb3 35. Bf1 Rc1 36. Rd2 Rbb1 37. Rf2 Rxb5 38. Be3 Rd1 39. f5 Nf8 40. Kg2 Rbb1 41. Bc4 Rg1+ 42.
Kf3 b5 43. Bd3 Ra1 44. Bxb5 Rgb1 45. Bc4 Rb4 46. Rc2 Ra3 47. Kf2 Rb8 48. Bf4 Rd8 49.
g4 Ra7 50. g5 hxg5 51. hxg5 g6 52.
f6 Rad7 53. Be3 Nh7 54. Rb2 Rc7 55. Rb4 Rdc8 56. Bd5 Rd7 57. Be4 Rcd8 58. Kf3 Nf8 59. Bc6 Rd6 60. Ba4 Ne6 61. Bb3 Nd4+ 62. Bxd4 Rxd4 63.
Rb8 Rxb8 64. Bxf7+ Kxf7 0-1

[Event "*** SCC Grand Prix: Titled Tuesday Blitz"]
[Site "Chess.com"]
[Date "2020.08.11"]
[Round "2"]
[White "Mr_Sinigami"]
[Black "Grischuk"]
[Result "0-1"]
[WhiteElo "2607"]
[BlackElo "3033"]
[TimeControl "180+1"]
[EndTime "10:20:06 PDT"]
[Termination "Grischuk won on time"]

1. d4 e6 2. Nf3 c5 3. c3 d5 4. Bf4 Bd6 5. Bg3 Nf6 6. e3 O-O 7. Nbd2 Qc7 8. Ne5 b6 9. f4 Bb7 10. Bd3 Ne4 11. Nxe4 dxe4 12. Be2 cxd4 13. exd4 f6 14. Qb3 Re8 15. Bc4 Qc8 16. Ng4 Kh8 17. Ne3 Nc6 18. Be2 Ne7 19. O-O Nd5 20. Nxd5 exd5 21. f5 Qc7 22. Bxd6 Qxd6 23. g3 Re7 24. Rf4 a5 25. a3 Ba6 26. Qc2 Bxe2 27. Qxe2 Qd7 28. Re1 b5 29. Qh5 Qe8 30. Qe2 Rc8 31.
Ra1 h6 32. Rff1 Rec7 33. Qe3 Kh7 34. Rf2 Rc4 35. Kg2 Qf7 36. Rd2 b4 37. cxb4 axb4 38. a4 Qa7 39. a5 Rc2 40. Kh3 Rxd2 41. Qxd2 Rc4 42. Qf4 Qxd4 43. a6 Qa7 44. Qg4 Rc8 45. Qg6+ Kh8 46. Ra5 Rd8 47. Rb5 Qxa6 48. Rxb4 Qf1+ 49.
Kh4 Qe2 50. h3 Qd2 51. Rb7 Qg5+ 52. Qxg5 hxg5+ 53. Kh5 Kh7 54. g4 e3 55. Re7 d4 56.
Re4 d3 57. Re8 Rxe8 0-1

[Event "*** SCC Grand Prix: Titled Tuesday Blitz"]
[Site "Chess.com"]
[Date "2020.08.11"]
[Round "2"]
[White "deribas12345"]
[Black "SergeyKarjakin"]
[Result "0-1"]
[WhiteElo "2596"]
[BlackElo "2988"]
[TimeControl "180+1"]
[EndTime "10:20:07 PDT"]
[Termination "SergeyKarjakin won by resignation"]

1. Nf3 d5 2. c4 e6 3. g3 Nf6 4. Bg2 d4 5. O-O c5 6. e3 Nc6 7.
exd4 cxd4 8. d3 Be7 9. Re1 O-O 10.
Nbd2 Nd7 11. Ne4 e5 12. g4 Re8 13. h3 a5 14. Bg5 f6 15. Bh4 Nf8 16. a3 a4 17. c5 Be6 18. Rc1 Bb3 19. Qd2 Ne6 20.
Bg3 Bd5 21. Nh4 Bxe4 22. Bxe4 Nxc5 23. Qe2 Nxe4 24. Qxe4 Bf8 25. Nf3 Qd7 26. Nd2 Rad8 27. Nc4 Qd5 28. Nb6 Qb5 29. Nc4 Re7 30. g5 fxg5 31. Re2 Qd5 32. Qf5 e4 33. Qxd5+ Rxd5 34. dxe4 d3 35. Rd2 Rxe4 36. Ne3 Rd7 37. Rc4 Rxc4 38. Nxc4 Nd4 39. Kg2 Nb3 40. Rd1 d2 41.
Nb6 Rd3 42. Kf1 Rd4 43. Be5 Re4 44. Bc3 Bc5 45. Nd7 Ba7 46. Bxd2 Rd4 47. Ke2 Rxd7 48. Re1 Rxd2+ 49. Kf3 Rxf2+ 50. Kg4 Rf4+ 51. Kh5 Rf6 52.
Re7 Rh6+ 53. Kg4 Bc5 54. Re8+ Bf8 55. Rb8 Rh4+ 56. Kxg5 Rd4 57. Rxb7 h6+ 58. Kg6 Rd5 59.
Rxg7+ Bxg7 0-1

[Event "*** SCC Grand Prix: Titled Tuesday Blitz"]
[Site "Chess.com"]
[Date "2020.08.11"]
[Round "2"]
[White "gena217"]
[Black "Kildepiotr"]
[Result "0-1"]
[WhiteElo "2892"]
[BlackElo "2600"]
[TimeControl "180+1"]
[EndTime "10:20:07 PDT"]
[Termination "Kildepiotr won on time"]

1. e4 g6 2. d4 Bg7 3. Nf3 c6 4. h3 d6 5. c4 Nd7 6. Be2 e5 7. Nc3 Ngf6 8. d5 cxd5 9. cxd5 O-O 10.
Be3 a6 11. Nd2 b5 12. O-O Nb6 13. Qb3 Rb8 14. a4 Bd7 15. axb5 axb5 16. Qb4 Qe7 17. Ra6 Nc4 18. Bxc4 bxc4 19. Qa3 Rfc8 20. Rc1 Ne8 21. Ra7 f5 22. f3 Qd8 23. Nd1 Bb5 24. Nc3 Bd7 25.
Nd1 Bb5 26. Qa5 Qxa5 27. Rxa5 Bf6 28. Nc3 Bd7 29. Nd1 Bd8 30. Ra3 Bb5 31. Nc3 Bb6 32.
Nxb5 Bxe3+ 33. Rxe3 Rxb5 34. Rxc4 Rxc4 35. Nxc4 fxe4 36.
fxe4 Rb4 37. b3 Kf7 38. Kf2 Ke7 39. Ke2 Nc7 40. Kd2 Nb5 41. Kc2 Nd4+ 42. Kb2 Rb7 43. Nd2 Rc7 44. Rc3 Ra7 45. Nf3 Ne2 46. Rc2 Nf4 47. Rd2 Kf6 48. b4 Ke7 49. Ne1 Kd7 50. Nc2 g5 51. Kb3 h5 52. Na3 g4 53. hxg4 hxg4 54. g3 Nh3 55. b5 Ng5 56. Re2 Nf3 57. Kb4 Nd4 58. Rb2 Kc7 59. Nc4 Ra1 60. b6+ Kd7 61. Kc3 Ra8 62. Na5 Rb8 0-1

[Event "*** SCC Grand Prix: Titled Tuesday Blitz"]
[Site "Chess.com"]
[Date "2020.08.11"]
[Round "2"]
[White "eCztery"]
[Black "Ermito2020"]
[Result "1-0"]
[WhiteElo "2423"]
[BlackElo "2654"]
[TimeControl "180+1"]
[EndTime "10:20:08 PDT"]
[Termination "eCztery won on time"]

1. e4 c6 2. Nc3 d5 3. Nf3 Bg4 4. h3 Bh5 5. exd5 cxd5 6. Bb5+ Nc6 7. d4 e6 8. g4 Bg6 9. Ne5 Rc8 10. O-O Bd6 11. f4 f6 12. Nxc6 bxc6 13. Ba6 Rb8 14.
Qe2 Bf7 15. Na4 Ne7 16. c3 Qa5 17. b3 O-O 18. Bd3 c5 19. dxc5 Bxc5+ 20. Nxc5 Qxc5+ 21. Kh2 Qxc3 22. Ba3 Qc7 23. Rac1 Qd7 24. Rc2 Rfc8 25.
Rfc1 Bg6 26. f5 Rxc2 27. Rxc2 Bf7 28. fxe6 Bxe6 29. Qe3 Ng6 30. Re2 Ne5 31. Bb2 Re8 32.
Bxe5 fxe5 33. Qxe5 Bf7 34. Qf5 Rxe2+ 35. Bxe2 Qxf5 36. gxf5 Kf8 37. Kg3 Ke7 38. Kf4 Kd6 39. b4 d4 40. Ke4 Bxa2 41. Kxd4 Bb1 42. Bg4 h6 43. h4 Bc2 44. Bh3 Bb1 45. Bg4 Kc6 46. Kc4 Ba2+ 47. Kd4 Kb5 48. Kc3 Bb1 49. Bh3 Be4 50. Bg4 Bb1 51. Bh3 h5 52. Bf1+ Kc6 53.
Bh3 Kd5 54. Bg2+ Ke5 55. Bf3 Bxf5 56. Bxh5 Kf4 57. Be8 Kg3 58. h5 Kh4 59. Kd4 Bg4 60.
Kc5 Bxh5 61. Bc6 Be2 62. Kd4 g5 63. Ke3 1-0

[Event "*** SCC Grand Prix: Titled Tuesday Blitz"]
[Site "Chess.com"]
[Date "2020.08.11"]
[Round "2"]
[White "lelajavakhishvili"]
[Black "Morshynska"]
[Result "1-0"]
[WhiteElo "2409"]
[BlackElo "2176"]
[TimeControl "180+1"]
[EndTime "10:20:08 PDT"]
[Termination "lelajavakhishvili won on time"]

1. Nf3 d5 2. e3 Nf6 3. c4 c6 4. Nc3 Nbd7 5. d4 e6 6. Qc2 dxc4 7. Bxc4 b5 8. Bd3 Bb7 9. O-O a6 10. a4 b4 11. Ne4 Nxe4 12. Bxe4 Rc8 13. Ne5 Nxe5 14. dxe5 Qc7 15. b3 c5 16. Bb2 Be7 17. Rac1 Bxe4 18. Qxe4 O-O 19. Rfd1 Rfd8 20. f4 Bf8 21. f5 exf5 22. Qxf5 Rxd1+ 23. Rxd1 Rd8 24. Rf1 Qd7 25. Qg5 h6 26. Qg3 Qd5 27. e4 Qxe4 28.
Bc1 Rd3 29. Qf2 Qd4 30. Qxd4 cxd4 31. Rf3 Rc3 32. Bd2 Rc2 33. Rd3 g6 34. Kf2 h5 35.
Kf3 Bc5 36. Ke4 Kf8 37. h3 Ke8 38. Kd5 Be7 39. g4 hxg4 40. hxg4 Rc8 41. Ke4 Rd8 42. Rxd4 Rc8 43. Bxb4 Rc1 44. Bxe7 Kxe7 45. Rd6 Re1+ 46.
Kf4 Rb1 47. Rb6 a5 48. Rb5 Rb2 49. Rxa5 Rxb3 50. Ra7+ Ke6 51. Ra6+ Ke7 52. a5 Ra3 53. Ra8 Ra1 54. a6 Ra5 55. a7 g5+ 56. Kf5 Ra1 57.
Kxg5 Ra6 58. Kf5 Ra5 59. g5 Ra6 60. g6 fxg6+ 61. Kg5 1-0

[Event "*** SCC Grand Prix: Titled Tuesday Blitz"]
[Site "Chess.com"]
[Date "2020.08.11"]
[Round "2"]
[White "Lupul_Cenusiu"]
[Black "Arseniy_Nesterov"]
[Result "0-1"]
[WhiteElo "2501"]
[BlackElo "2751"]
[TimeControl "180+1"]
[EndTime "10:20:09 PDT"]
[Termination "Arseniy_Nesterov won on time"]

1. d4 d5 2. Nf3 Nf6 3. c4 c6 4. e3 Bg4 5. Nc3 e6 6. Be2 Nbd7 7. b3 Bd6 8. O-O O-O 9. Bb2 Qe7 10. Re1 Rad8 11.
a4 Rfe8 12. a5 a6 13. h3 Bh5 14. Ne5 Bxe2 15. Nxe2 Nf8 16. Qc2 Qc7 17. Nd3 Ng6 18.
c5 Bf8 19. Ng3 Ne4 20. Nxe4 dxe4 21. Nb4 f5 22. Qc4 Qf7 23. Na2 Nh4 24. Kh1 Qg6 25. Rg1 h6 26. Qe2 Qg5 27. b4 Be7 28. Nc1 Bf6 29. Nb3 e5 30. dxe5 Bxe5 31. Bxe5 Rxe5 32. Rad1 Rxd1 33. Qxd1 Rd5 34. Qe2 Qg6 35. Nd2 Kh7 36. Nc4 Qf6 37. Nd6 Qc3 38. Qe1 Qb2 39. f4 g5 40. Qg3 Kg6 41. fxg5 hxg5 42. Nc8 Qe5 43. Qxe5 Rxe5 44. Rd1 f4 45. Kg1 fxe3 46. Re1 Nf5 47.
g4 Nh4 48. Rxe3 Kf6 49. Nd6 Ke6 50. Rxe4 Kd5 51. Rxe5+ Kxe5 52. Nxb7 Kd5 53. Nd8 Nf3+ 54. Kf2 Ne5 55. Kg3 Nd3 56. h4 gxh4+ 57. Kxh4 Nxb4 58. g5 Kxc5 59. g6 Nd5 60. Kg5 Ne7 61. g7 Kd6 62.
Kf6 Ng8+ 63. Kf7 Nh6+ 64. Kg6 Ng8 65. Nb7+ Kc7 0-1

[Event "*** SCC Grand Prix: Titled Tuesday Blitz"]
[Site "Chess.com"]
[Date "2020.08.11"]
[Round "2"]
[White "Murad_Ibrahimli"]
[Black "sorito"]
[Result "1/2-1/2"]
[WhiteElo "2695"]
[BlackElo "2479"]
[TimeControl "180+1"]
[EndTime "10:20:10 PDT"]
[Termination "Game drawn by stalemate"]

1. d4 Nf6 2. c4 d6 3. Nc3 Nbd7 4. Nf3 e5 5. e4 exd4 6. Nxd4 g6 7. Be2 Bg7 8. O-O O-O 9. f3 Re8 10. Re1 Nc5 11. Bf1 Ne6 12. Be3 Nxd4 13. Bxd4 Be6 14. Qd2 a5 15. Rac1 Nd7 16. Be3 Nc5 17. Nd5 Bxd5 18.
cxd5 Qe7 19. Bf2 h5 20. Bb5 Red8 21. e5 Qf8 22. e6 fxe6 23. dxe6 Qe7 24. Qc2 Kh7 25.
f4 c6 26. Be2 Qf6 27. Bxh5 Nxe6 28. g3 Re8 29. Rcd1 d5 30. Bg4 Nf8 31. h4 Qxb2 32. Qxb2 Bxb2 33. Rxe8 Rxe8 34. Rb1 Ba3 35. Rxb7+ Re7 36.
Rb6 Rc7 37. Ra6 Bb4 38. h5 gxh5 39. Bxh5 Ne6 40. Bg4 Nc5 41. Ra8 Ne4 42. Bf5+ Kg7 43. Bxe4 dxe4 44. Re8 Re7 45. Rxe7+ Bxe7 46. g4 Bb4 47. Kf1 Bd2 48. Bd4+ Kg6 49. Be5 c5 50. Ke2 Bc1 51. Bd6 c4 52. Be5 a4 53. f5+ Kg5 54. f6 Kxg4 55. f7 Ba3 56. Bg7 c3 57. f8=Q Bxf8 58.
Bxf8 c2 59. Bh6 Kf5 60. Kd2 Kg4 61.
Kxc2 Kf3 62. Kd2 e3+ 63. Kd3 e2 64. Bd2 Kg4 65. Kc4 Kf5 66. Kb4 Ke6 67. Kxa4 Kd7 68. Kb5 Kc8 69. a4 e1=Q 70. Bxe1 Kb7 71. a5 Ka7 72. a6 Ka8 73. Bg3 Ka7 74. Bf2+ Ka8 75. Kb6 Kb8 76. Bg3+ Ka8 77. a7 1/2-1/2

[Event "*** SCC Grand Prix: Titled Tuesday Blitz"]
[Site "Chess.com"]
[Date "2020.08.11"]
[Round "2"]
[White "Supernotar"]
[Black "goldihouse"]
[Result "1-0"]
[WhiteElo "2699"]
[BlackElo "2458"]
[TimeControl "180+1"]
[EndTime "10:20:10 PDT"]
[Termination "Supernotar won by checkmate"]

1. d4 Nf6 2. c4 e6 3. Nf3 b6 4. g3 Ba6 5. Nbd2 b5 6. b3 Bb4 7. Qc2 d5 8. cxb5 Bxb5 9. Bg2 Nbd7 10. a3 Bd6 11. Bb2 O-O 12. Nb1 c5 13. dxc5 Nxc5 14.
O-O Rc8 15. Qd1 Nce4 16. Re1 Bc5 17. Bd4 Qb6 18. Rf1 Rfd8 19. b4 Bxd4 20. Nxd4 Rc4 21. e3 Rxd4 22. exd4 Bxf1 23. Bxf1 e5 24. f3 Nd6 25.
Nc3 Nf5 26. Ne2 Re8 27. Qd3 Nxd4 28. Nxd4 exd4 29. Rd1 Re3 30. Qxd4 Rxa3 31. Qxb6 axb6 32. Bc4 Rxf3 33. Bxd5 Nxd5 34. Rxd5 g6 35. Rd6 b5 36. Rd5 Rf5 37. Rxf5 gxf5 38. Kf2 Kg7 39. Ke3 Kf6 40. Kd4 Kg5 41. Kc5 Kg4 42. Kxb5 Kh3 43.
Kc4 Kxh2 44. b5 Kxg3 45. b6 f4 46. b7 f3 47. b8=Q+ Kg2 48. Qf4 f2 49. Qg4+ Kh2 50.
Qh4+ Kg2 51. Qg4+ Kh2 52. Qf4+ Kg2 53. Qg5+ Kh2 54. Qh6+ Kg2 55. Qg7+ Kh2 56. Qxh7+ Kg1 57. Qg7+ Kf1 58. Kd3 f5 59. Ke3 f4+ 60. Kf3 Ke1 61.
Qc3+ Kd1 62. Kxf2 f3 63. Qxf3+ Kd2 64. Qe3+ Kc2 65. Kf3 Kd1 66. Ke4 Kc2 67. Qf3 Kb1 68. Qg3 Kc2 69. Qf3 Kd2 70. Kd4 Ke1 71. Qg2 Kd1 72. Kd3 Kc1 73. Qc2# 1-0

[Event "*** SCC Grand Prix: Titled Tuesday Blitz"]
[Site "Chess.com"]
[Date "2020.08.11"]
[Round "2"]
[White "Dedic8"]
[Black "Orest_Vovk"]
[Result "1-0"]
[WhiteElo "2829"]
[BlackElo "2425"]
[TimeControl "180+1"]
[EndTime "10:20:11 PDT"]
[Termination "Dedic8 won on time"]

1. e4 g5 2. d4 g4 3. Qxg4 d5 4. Qf3 dxe4 5. Qxe4 Nf6 6. Qd3 Nc6 7. Nf3 Bg4 8. c3 Qd5 9. Bf4 O-O-O 10. Nbd2 Nh5 11.
Be3 e5 12. c4 Qa5 13. d5 f5 14. Qb3 Bb4 15. a3 Bxf3 16. gxf3 f4 17. Bh3+ Kb8 18.
dxc6 Bxd2+ 19. Kf1 b6 20. Bxd2 Qxd2 21. Bf5 Nf6 22. Qb5 Qd6 23. a4 e4 24. c5 Qd5 25.
fxe4 Nxe4 26. Bxe4 Qxe4 27. Rg1 f3 28. Re1 Qf5 29.
Rg3 Rhe8 30. Ra1 Qe4 31. Qa6 Qxc6 32. Kg1 Qxc5 33. a5 Qc6 34. axb6 Qb7 35. bxa7+ Ka8 36. Qxb7+ Kxb7 37. Rxf3 Ra8 38. Rb3+ Kc6 39. Rc3+ Kb7 40.
Rb3+ Kc8 41. Rh3 Re7 42. Ra4 Kb7 43. Rb3+ Kc8 44. Rg3 Kb7 45. Kg2 Rxa7 46. Rxa7+ Kxa7 47. h4 Kb6 48. h5 Re5 49. Rh3 Rb5 50. b3 Rg5+ 51.
Kf3 Kb5 52. Ke4 Rg2 53. f4 c5 54. f5 Re2+ 55. Kd5 Rd2+ 56. Ke6 Kc6 57. f6 Re2+ 58. Kf7 Re5 59. h6 Kd6 60. Kg7 Ke6 61. Rg3 Rf5 62.
Re3+ Kd7 63. f7 Rg5+ 64. Kxh7 Rf5 65. Kg6 Re5 66. Rxe5 1-0

[Event "*** SCC Grand Prix: Titled Tuesday Blitz"]
[Site "Chess.com"]
[Date "2020.08.11"]
[Round "2"]
[White "TioCridineno"]
[Black "1f3_2g41-0"]
[Result "0-1"]
[WhiteElo "2194"]
[BlackElo "2418"]
[TimeControl "180+1"]
[EndTime "10:20:11 PDT"]
[Termination "1f3_2g41-0 won by resignation"]

1. e4 c5 2. Nf3 d6 3. Bb5+ Bd7 4. Bxd7+ Qxd7 5. c4 Nf6 6. Nc3 Nc6 7. O-O g6 8.
d4 cxd4 9. Nxd4 Bg7 10. Be3 O-O 11. f3 Rac8 12. b3 Nxd4 13. Bxd4 Nh5 14. Bxg7 Kxg7 15.
Qd4+ Nf6 16. Qxa7 Rc5 17. Rad1 Qc7 18. Qa3 Qb6 19. Kh1 Ra5 20. Qc1 Rfa8 21. Qb2 Kg8 22. Rd2 Qe3 23. Re2 Qh6 24. Qd2 Qh4 25. Qe1 Qh6 26. Qd2 Rg5 27. Nd5 Nh5 28. Kg1 e6 29. Nc3 Nf4 30. Rff2 Nxe2+ 31. Rxe2 Qh4 32.
Qxd6 Rh5 33. g3 Qf6 34. Qd3 Rd8 35. Qe3 Ra5 36. e5 Qf5 37. f4 h5 38. Ne4 Rda8 39. a4 Rd8 40. Nf6+ Kg7 41. Kg2 Rd1 42. Rd2 Rb1 43. Qd4 Ra8 44. Qd7 h4 45. Ne8+ Kf8 46. Nd6 h3+ 47. Kf3 Qh5+ 48. g4 Rxb3+ 49. Ke4 Qh7 50. Qxb7 g5+ 51. f5 Rxb7 52. Nxb7 exf5+ 53. gxf5 Qh4+ 54. Kd5 Rb8 55. Nd6 Rd8 56. c5 Qf4 57. Rd4 Qf3+ 58. Kc4 g4 59. c6 Qxc6+ 60. Kd3 g3 61. hxg3 h2 62. Rh4 h1=Q 63. Rxh1 Qxh1 64. Kd4 Rxd6+ 65. exd6 Qc6 66. Ke5 f6+ 67. Ke6 Ke8 68. g4 Qxa4 69. Kxf6 Qxg4 70. Ke6 Qg8+ 71. Ke5 Kd7 0-1

[Event "*** SCC Grand Prix: Titled Tuesday Blitz"]
[Site "Chess.com"]
[Date "2020.08.11"]
[Round "2"]
[White "KatarinaOstojic"]
[Black "Vsevolod_Ovchinnikov"]
[Result "0-1"]
[WhiteElo "2227"]
[BlackElo "2440"]
[TimeControl "180+1"]
[EndTime "10:20:13 PDT"]
[Termination "Vsevolod_Ovchinnikov won on time"]

1. e4 g6 2. d4 Bg7 3. Nc3 a6 4. f4 b5 5. Nf3 d6 6. a3 Nd7 7.
Bd3 c5 8. dxc5 Nxc5 9. Be3 Bb7 10. Qe2 Rc8 11. O-O Nxd3 12. Qxd3 Nf6 13. Bd4 O-O 14.
Rad1 Qc7 15. Kh1 Qc4 16. Qxc4 Rxc4 17. e5 dxe5 18. Nxe5 Rcc8 19. Nf3 Rfd8 20. Bb6 Rxd1 21. Rxd1 Bh6 22. Ng5 Bc6 23. Rd8+ Rxd8 24. Bxd8 Kf8 25. Kg1 Ke8 26. Bb6 Nd7 27. Bd4 f6 28. Ne6 Bb7 29. g3 Nf8 30. Nxf8 Bxf8 31. Kf2 Kf7 32.
Ke3 h6 33. Ne4 Bc8 34. b3 Ke6 35. Nc5+ Kd5 36. Nd3 g5 37. Nb4+ Kd6 38. fxg5 hxg5 39. Nd3 Bh6 40. Bc5+ Kd7 41. Bd4 e5 42. Bc3 Kd6 43.
Bb4+ Kd5 44. Be7 g4+ 45. Ke2 Ke6 46. Bc5 Bg5 47. Be3 Bxe3 48. Kxe3 f5 49. c4 bxc4 50. bxc4 Kd6 51. a4 a5 52. Kd2 Bd7 53. Nb2 Kc5 54. Kc3 e4 55. Nd1 Bxa4 56. Ne3 Bd7 57. Nd5 Be6 58.
Ne3 a4 59. Nc2 Bxc4 60. Nd4 e3 61. Nxf5 e2 62. Kd2 a3 63. Ne3 a2 64. Nc2 Kd5 65.
Ne3+ Kd4 66. Nc2+ Ke4 67. Ke1 Kd3 68. Na1 Kc3 0-1

[Event "*** SCC Grand Prix: Titled Tuesday Blitz"]
[Site "Chess.com"]
[Date "2020.08.11"]
[Round "2"]
[White "Azatic"]
[Black "dretch"]
[Result "1-0"]
[WhiteElo "2532"]
[BlackElo "2786"]
[TimeControl "180+1"]
[EndTime "10:20:15 PDT"]
[Termination "Azatic won by checkmate"]

1. e4 e6 2. Qe2 d5 3. exd5 Qxd5 4. Nc3 Qd8 5. g3 Nc6 6. Nf3 Nf6 7. Bg2 Bc5 8. O-O O-O 9. d3 Re8 10. Ne4 Nxe4 11. dxe4 e5 12. c3 a5 13. Bg5 Qd6 14.
Rad1 Qe6 15. b3 b6 16. Rfe1 Ba6 17. Qd2 h6 18. Be3 Red8 19. Qc1 a4 20. Bxc5 Rxd1 21. Rxd1 bxc5 22. Rd5 axb3 23. axb3 Rb8 24. Qa3 Be2 25. Nd2 c4 26. b4 Bd3 27. Bf1 Bxf1 28. Nxf1 Ne7 29.
Rd2 f5 30. exf5 Nxf5 31. Qa5 Rc8 32. Qc5 Nd6 33. Ne3 Ne4 34. Qd5 Qxd5 35. Rxd5 Nxc3 36. Rxe5 Rb8 37. Nc2 Rd8 38. Rc5 Rd2 39. Ne3 Ne2+ 40. Kf1 c3 41. Ke1 Ra2 42. Rxc7 Nd4 43. Rxc3 Nf3+ 44. Kf1 Rb2 45. Nf5 Rxb4 46. Rxf3 Rb1+ 47. Kg2 Kh7 48. Ne3 Rb3 49. h4 Rb5 50. Ng4 Rh5 51. Nh2 Rc5 52. Nf1 Rc6 53. Ne3 Rc1 54. Rf4 Rc7 55. Rd4 Ra7 56. Rd5 Re7 57. h5 Re4 58. Kf3 Re7 59. Nf5 Rf7 60. Kg4 Rc7 61. f4 Rb7 62. Re5 Rf7 63. Re7 Rf6 64. Rxg7+ Kh8 65. Rg6 Rf7 66. Rxh6+ Kg8 67. Rg6+ Kh8 68. h6 Rf8 69. Kg5 Rf7 70. Nh4 Rf8 71. Re6 Kh7 72. Re7+ Kh8 73. Ng6+ Kg8 74. Rg7# 1-0

[Event "*** SCC Grand Prix: Titled Tuesday Blitz"]
[Site "Chess.com"]
[Date "2020.08.11"]
[Round "2"]
[White "Korona_91"]
[Black "kidagent"]
[Result "1-0"]
[WhiteElo "2493"]
[BlackElo "2265"]
[TimeControl "180+1"]
[EndTime "10:20:15 PDT"]
[Termination "Korona_91 won on time"]

1. e4 c5 2. b3 Nc6 3. Bb2 e6 4. Bb5 Nf6 5. Bxc6 bxc6 6. d3 d5 7. e5 Nd7 8. f4 g5 9. Qf3 h5 10. fxg5 Qxg5 11. Nh3 Qh4+ 12. Ke2 Ba6 13. Rf1 Qe4+ 14.
Qxe4 dxe4 15. Ng5 exd3+ 16. cxd3 Rg8 17. h4 Be7 18. Nd2 Bxg5 19. hxg5 Rxg5 20. Rf2 Nxe5 21. Ne4 Bxd3+ 22. Ke3 Ng4+ 23. Kxd3 Nxf2+ 24. Nxf2 Rxg2 25. Ke3 O-O-O 26. Bf6 Rd5 27. Ne4 Rg4 28. Bb2 h4 29. Rh1 f5 30. Nf6 Rg3+ 31. Kf4 Rd2 32. Bc1 Rxa2 33.
Rxh4 Rg1 34. Be3 Rf1+ 35. Ke5 Re2 36. Kd6 Kb7 37. Bxc5 Rd1+ 38. Ke7 e5 39. Ne8 f4 40.
Nd6+ Ka6 41. Ke6 Rc2 42. Nc4 Kb5 43. Bxa7 f3 44. Na3+ Ka6 45. Ra4+ Kb7 46. Nxc2 e4 47. Be3 Rd3 48. Rxe4 Rxb3 49. Ne1 f2 50. Bxf2 Kc7 51. Bc5 Rc3 52. Bd6+ Kb7 53. Ng2 Ka6 54. Ne3 Kb5 55. Nf5 Rc1 56. Rb4+ Ka5 57. Kd7 Rd1 58. Rb2 c5 59.
Kc6 c4 60. Kc5 Ka4 61. Rb4+ Ka3 62. Rxc4 Kb3 63. Nd4+ Kb2 64. Be5 Kb1 65. Rb4+ Ka2 66. Kc4 Rc1+ 67. Kd3 Rd1+ 68. Kc3 Rc1+ 69. Nc2 1-0

[Event "*** SCC Grand Prix: Titled Tuesday Blitz"]
[Site "Chess.com"]
[Date "2020.08.11"]
[Round "2"]
[White "JoliyRoger"]
[Black "Andreikka"]
[Result "0-1"]
[WhiteElo "2325"]
[BlackElo "2830"]
[TimeControl "180+1"]
[EndTime "10:20:18 PDT"]
[Termination "Andreikka won by resignation"]

1. Nf3 d5 2. d4 Nf6 3. c4 e6 4. cxd5 exd5 5. Nc3 c6 6. Bg5 Be7 7. Bxf6 Bxf6 8. e3 O-O 9. Bd3 Nd7 10. Qc2 h6 11. O-O Nb6 12. h3 Re8 13. b4 a6 14.
a4 Be6 15. Rfb1 Qd6 16. Nd2 Rec8 17. a5 Nd7 18. Na4 Re8 19. Nb3 Nf8 20. Nbc5 Rab8 21.
Nc3 g6 22. Re1 Re7 23. Rad1 Rbe8 24. Ne2 Bc8 25. Nf4 Bg7 26. Ne2 h5 27. Nf4 Nh7 28.
Qd2 Ng5 29. Qc2 Bh6 30. Qd2 Nh7 31. Ne2 Nf6 32. Qc2 h4 33. Rc1 Nh5 34. Rcd1 f5 35. Nc3 Nf6 36. Bf1 Kg7 37. Nd3 g5 38. Ne5 Qxb4 39.
Rb1 Qxa5 40. Na4 Qc7 41. Nc3 g4 42. f4 gxf3 43. gxf3 Rxe5 44. dxe5 Qxe5 45. f4 Qd6 46. Kh1 Kf7 47. Bd3 Nh5 48. Qf2 Ng3+ 49. Kh2 Bg7 50.
Ne2 Bf6 51. Nxg3 hxg3+ 52. Qxg3 Rg8 53. Qf2 Qe7 54. Rg1 Re8 55. Rg3 Bh4 56. Rbg1 Bxg3+ 57. Qxg3 Qf6 58. Qf3 Rh8 59. Rg5 Be6 60. Qg3 a5 61. Be2 Qb2 62. Qg2 Ke7 63. Bh5 Qxg2+ 64. Kxg2 a4 65.
Rg7+ Kd6 66. Be2 b5 67. Ra7 Kc5 68. Kf2 Kb6 69. Re7 a3 70. Rxe6 a2 71. Bxb5 Kxb5 72.
Re7 a1=Q 0-1

[Event "*** SCC Grand Prix: Titled Tuesday Blitz"]
[Site "Chess.com"]
[Date "2020.08.11"]
[Round "2"]
[White "2007checkmate"]
[Black "manuellarrea"]
[Result "1/2-1/2"]
[WhiteElo "2427"]
[BlackElo "2223"]
[TimeControl "180+1"]
[EndTime "10:20:22 PDT"]
[Termination "Game drawn - timeout vs insufficient material"]

1. Nc3 c5 2. Nf3 Nc6 3. d4 cxd4 4. Nxd4 Nf6 5. g3 d5 6. Bg2 e5 7. Nb3 Bb4 8. Bd2 d4 9. Ne4 Bxd2+ 10. Qxd2 O-O 11.
O-O Nxe4 12. Bxe4 Bh3 13. Rfe1 Rc8 14. Rad1 f5 15. Bh1 Qb6 16. e3 dxe3 17. Qxe3 Qxe3 18. Rxe3 e4 19. f3 Rfd8 20. Rde1 Nb4 21. R3e2 Rxc2 22.
Rxc2 Nxc2 23. Rc1 e3 24. f4 e2 25. Kf2 e1=Q+ 26. Rxe1 Nxe1 27. Kxe1 Bg4 28. Bxb7 Rd1+ 29. Kf2 Rb1 30. Nc5 Rxb2+ 31. Kg1 Kf8 32. a4 Ke7 33.
Ba6 Kd6 34. Nd3 Rd2 35. Ne5 Kc5 36. Bc8 Bh3 37. a5 Kb4 38. a6 Rc2 39. Bb7 Kc5 40.
Nd3+ Kd4 41. Nb4 Rb2 42. Nd5 Rb5 43. Nc7 Rb2 44. Nd5 Bg2 45. Ne7 Bxb7 46. Nxf5+ Kc5 47. axb7 Rxb7 48. Kf2 a5 49. Ne3 a4 50. Ke2 a3 51.
Kd3 a2 52. Nc2 Rb3+ 53. Kd2 Rb2 54. f5 Rxc2+ 55. Kxc2 a1=Q 56. Kd3 Qf6 57. Ke4 g6 58. g4 gxf5+ 59. gxf5 Kd6 60. Kf4 Qe5+ 61. Kg4 Qxh2 62. Kg5 Qe5 63. Kh6 Qxf5 64. Kg7 Qe6 65. Kh8 Kd7 66.
Kg7 Kd6 67. Kh8 Kc7 68. Kg7 Kd8 69. Kh8 Ke7 70. Kg7 h5 71. Kh8 h4 72. Kg7 h3 73.
Kh8 h2 74. Kg7 Qg4+ 75. Kh7 1/2-1/2

[Event "*** SCC Grand Prix: Titled Tuesday Blitz"]
[Site "Chess.com"]
[Date "2020.08.11"]
[Round "2"]
[White "AlexSuv"]
[Black "Gareth-Bale11"]
[Result "0-1"]
[WhiteElo "2511"]
[BlackElo "2782"]
[TimeControl "180+1"]
[EndTime "10:20:25 PDT"]
[Termination "Gareth-Bale11 won by resignation"]

1. d4 g6 2. c4 Bg7 3. Nf3 d6 4. Nc3 Nd7 5. e4 e5 6. Be2 Ne7 7. O-O O-O 8. Re1 a6 9. Bf1 c6 10. Rb1 Qc7 11. b3 b5 12. cxb5 cxb5 13. Bb2 Bb7 14.
Rc1 Qb6 15. dxe5 Nxe5 16. Nxe5 dxe5 17. Qe2 Rfd8 18. Red1 h5 19. g3 h4 20. Bg2 Bh6 21. Rxd8+ Rxd8 22. Rd1 Rxd1+ 23. Qxd1 Bg5 24. Nd5 Nxd5 25.
exd5 Qd6 26. Qg4 Be7 27. Qe4 hxg3 28. hxg3 Bf6 29. Bf3 Kg7 30. Kg2 Bc8 31. Qd3 b4 32.
Qc4 Bd7 33. Qd3 Bb5 34. Qc2 Qd7 35. Bc1 a5 36. Bd2 Ba6 37. Qc5 Bd3 38. Qe3 Bb1 39. Qe2 Qe7 40. Be3 e4 41. Bg4 Bd3 42. Qd2 Bc3 43. Qd1 Qe5 44. Qh1 Qxd5 45. Qh6+ Kg8 46.
Qf4 Qe5 47. Qxe5 Bxe5 48. Bb6 Bb1 49. Bxa5 Bd6 50. Bd1 f5 51. g4 f4 52. Bb6 f3+ 53.
Kg1 Kf7 54. Be3 Ke6 55. Kf1 Kd5 56. Ke1 Be5 57. Kd2 Bc3+ 58. Kc1 Bd3 59. Bc2 Bf1 60.
Bd1 Bh3 61. g5 Bf1 62. Bc2 Ke5 63. Bd1 Kf5 64. Bc2 Bb5 65. Bb1 Be5 66. Bc2 Bd6 67. Bb1 Bc6 68. Bc2 Be7 69. Kb2 Bxg5 70. Bxg5 Kxg5 71.
a3 bxa3+ 72. Kxa3 Kf4 73. Kb4 g5 74. Kc5 Ba8 75. Kd4 g4 76. b4 g3 77. fxg3+ Kxg3 78. Ke3 f2 79. b5 0-1